[Event "12. Magyar E-mail Elõdöntõ"]
[Site "E4EC"]
[Date "2004.04.01"]
[Round "1"]
[White "Szabó, Zsolt"]
[Black "Karádi, Kázmér"]
[Board "2913"]
[TimeControl "10/40"]
[WhiteElo "2275"]
[BlackElo "1800"]
[WhiteCountry "HUN"]
[BlackCountry "HUN"]
[Result "1-0"]

1.d4 d5 2.c4 e6 3.Nc3 Nf6 4.Nf3 Bb4 5.Bg5 Nc6 6.e3 O-O 7.Bd3 Bxc3+
8.bxc3 g6 9.Qc1 b6 10.Ne5 Ne7 11.Bxf6 Ba6 12.Ng4 Re8 13.e4 dxc4 14.Qh6 1-0

[Event "12. Magyar E-mail Elõdöntõ"]
[Site "E4EC"]
[Date "2004.04.09"]
[Round "1"]
[White "Szabó, Zsolt"]
[Black "PÁL, LÁSZLÓ SÁNDOR"]
[Board "2914"]
[TimeControl "10/40"]
[WhiteElo "2275"]
[BlackElo "1941"]
[WhiteCountry "HUN"]
[BlackCountry "HUN"]
[Result "1-0"]

1.d4 Nf6 2.c4 e6 3.Nf3 b6 4.a3 Bb7 5.Nc3 g6 6.Qc2 Bg7 7.e4 O-O
8.Be2 c6 9.c5 Ba6 10.Bg5 Bxe2 11.Nxe2 Qc8 12.O-O Na6 13.b4 Nc7
14.Rfe1 Nce8 15.Nc3 bxc5 16.bxc5 h6 17.Bd2 Nh7 18.Rab1 Nef6 19.Bf4 Nh5
20.Bd6 Re8 21.Rb4 Bf8 22.Reb1 Bxd6 23.cxd6 c5 24.Rc4 Qa6 25.Nb5 cxd4
26.Nc7 Qxd6 27.Rxd4 Qxa3 28.Nxe8 Rxe8 29.Ra4 Qf8 30.Rxa7 Rc8
31.Rc7 Ra8 32.e5 Qa3 33.Qd2 Qa2 34.Qxa2 Rxa2 35.Rc8+ Kg7 36.h4 f6
37.Rb7 Ra1+ 38.Kh2 Rd1 39.Re8 Kf7 40.Rh8 Kg7 41.Rd8 Nf8 42.Rbb8 Nh7
43.Re8 Kf7 44.exf6 Kxf6 45.Rh8 Ng5 46.hxg5+ hxg5 47.Rh7 Kf5 48.Rb5+ d5
49.g4+ Kxg4 50.Rf7 Nf4 51.Rb3 Kh5 52.Rb8 Nd3 53.Kg3 g4 54.Rh8# 1-0

[Event "12. Magyar E-mail Elõdöntõ"]
[Site "E4EC"]
[Date "2004.04.01"]
[Round "1"]
[White "Szabó, Zsolt"]
[Black "Farkas, Lajos"]
[Board "2915"]
[TimeControl "10/40"]
[WhiteElo "2275"]
[BlackElo "2009"]
[WhiteCountry "HUN"]
[BlackCountry "HUN"]
[Result "1-0"]

1.d4 d5 2.c4 e6 3.Nc3 c6 4.Nf3 Nf6 5.e3 Nbd7 6.Qc2 Bd6 7.g4 dxc4
8.Bxc4 e5 9.g5 Nd5 10.Ne4 Bb4+ 11.Bd2 Bxd2+ 12.Qxd2 Qe7 13.Rg1 N7b6
14.Bb3 exd4 15.Qxd4 Bf5 16.Ng3 Bh3 17.O-O-O O-O-O 18.Qe5 Rde8
19.Qxe7 Rxe7 20.Rd4 h5 21.Nd2 Bg4 22.h4 Kb8 23.Nde4 Rf8 24.Nc5 f5
25.Nd3 g6 26.Nf4 Nxf4 27.Rxf4 Nd5 28.Bxd5 cxd5 29.f3 Bh3 30.Kd2 Rc8
31.Kd3 Rce8 32.Re1 d4 33.e4 Re6 34.Kxd4 fxe4 35.fxe4 Ra6 36.Rf6 Rae6
37.Rxe6 Bxe6 38.a3 Bh3 39.Rh1 Bg4 40.Rf1 Rd8+ 41.Ke5 Rd3 42.Nf5 gxf5
43.exf5 Re3+ 44.Kf6 Kc7 45.g6 Bf3 46.Kg7 Be4 47.Kh7 1-0

[Event "12. Magyar E-mail Elõdöntõ"]
[Site "E4EC"]
[Date "2004.04.01"]
[Round "1"]
[White "Szabó, Zsolt"]
[Black "Oltean, Gusztav"]
[Board "2916"]
[TimeControl "10/40"]
[WhiteElo "2275"]
[BlackElo "1800"]
[WhiteCountry "HUN"]
[BlackCountry "HUN"]
[Result "1-0"]

1.d4 d5 2.c4 e6 3.Nc3 c6 4.Nf3 dxc4 5.a4 Bb4 6.e3 b5 7.Bd2 a5
8.axb5 Bxc3 9.Bxc3 cxb5 10.b3 Bb7 11.bxc4 b4 12.Bb2 Nf6 13.Bd3 Be4
14.Qa4+ Bc6 15.Qc2 a4 16.Ne5 a3 17.Bc1 Nfd7 18.Nxc6 Nxc6 19.Be4 Qb6
20.O-O Nf6 21.Bxc6+ Qxc6 22.Bd2 Ra4 23.Rfb1 O-O 24.Bxb4 Rfa8 25.Ra2 h6
26.Rb3 Rb8 27.Bc5 Rxb3 28.Qxb3 Nd7 29.Rxa3 Nxc5 30.dxc5 Rxa3
31.Qxa3 Kf8 32.Qa7 Ke8 33.Qb6 Kd7 34.f3 Qc7 35.Kf2 Qxh2 36.c6+ Ke8
37.c5 Qh4+ 38.Ke2 Qc4+ 39.Kd2 Qd5+ 40.Kc3 Qe5+ 41.Kc2 Qf5+ 42.e4 Qg5
43.g4 1-0

[Event "12. Magyar E-mail Elõdöntõ"]
[Site "E4EC"]
[Date "2004.04.05"]
[Round "1"]
[White "Karádi, Kázmér"]
[Black "Vecsei, Vilmos"]
[Board "2917"]
[TimeControl "10/40"]
[WhiteElo "1800"]
[BlackElo "1800"]
[WhiteCountry "HUN"]
[BlackCountry "HUN"]
[Result "0-1"]

1.e4 c5 2.Nf3 d6 3.Bb5+ Bd7 4.Bxd7+ Qxd7 5.O-O Nc6 6.d4 cxd4
7.Nxd4 g6 8.Nxc6 Qxc6 9.Nc3 Bg7 10.Re1 Rc8 11.Bd2 Nf6 12.e5 dxe5
13.Rxe5 Nd7 14.Re4 e6 15.Qg4 Nf6 16.Qh3 Nxe4 17.Bh6 Bxh6 18.Qxh6 Nxc3
19.Qg7 Ne2+ 20.Kh1 Qxc2 21.h3 Ke7 22.Kh2 Qf5 23.Qh6 g5 24.Re1 Qf4+
25.g3 Qxf2+ 0-1

[Event "12. Magyar E-mail Elõdöntõ"]
[Site "E4EC"]
[Date "2004.03.21"]
[Round "1"]
[White "Karádi, Kázmér"]
[Black "Barna, Tamás"]
[Board "2918"]
[TimeControl "10/40"]
[WhiteElo "1800"]
[BlackElo "1800"]
[WhiteCountry "HUN"]
[BlackCountry "HUN"]
[Result "0-1"]

1.e4 c5 2.Nf3 d6 3.d4 cxd4 4.Nxd4 Nf6 5.Nc3 a6 6.Be2 e6 7.O-O Nc6
8.Nxc6 bxc6 9.e5 Nd5 10.Nxd5 cxd5 11.exd6 Bxd6 12.Bh5 Bb7 13.Bh6 gxh6
14.Qg4 Qf6 15.Qa4+ Ke7 16.Qb3 Rab8 17.Rfe1 Qh4 18.Qf3 Qxh2+ 19.Kf1 Qf4
20.Qb3 Bc6 21.Qh3 Rxb2 22.Bxf7 Qxf7 23.Qh4+ Kd7 24.Qd4 Rf8 25.Qa7+ Rb7
26.Qe3 Qg6 27.Rab1 d4 28.Qxd4 Bxg2+ 0-1

[Event "12. Magyar E-mail Elõdöntõ"]
[Site "E4EC"]
[Date "2004.03.22"]
[Round "1"]
[White "Karádi, Kázmér"]
[Black "Tóth, István"]
[Board "2919"]
[TimeControl "10/40"]
[WhiteElo "1800"]
[BlackElo "2027"]
[WhiteCountry "HUN"]
[BlackCountry "HUN"]
[Result "0-1"]

1.e4 e5 2.Nf3 Nf6 3.Nc3 Nc6 4.d4 exd4 5.Nxd4 Bb4 6.Bg5 h6
7.Nxc6 Bxc3+ 8.bxc3 bxc6 9.Bh4 g5 10.Bg3 Nxe4 11.Qf3 Qe7 12.Bxc7 d5
13.Ba5 Ng3+ 14.Qe3 Qxe3+ 15.fxe3 Nxh1 16.O-O-O Nf2 17.Rd2 Ne4
18.Rd4 O-O 19.c4 Bb7 20.c5 f5 21.Bc7 Rf7 22.Rb4 Rxc7 23.a4 Nxc5 0-1

[Event "12. Magyar E-mail Elõdöntõ"]
[Site "E4EC"]
[Date "2004.04.14"]
[Round "1"]
[White "Karádi, Kázmér"]
[Black "Kerekes, Jozsef"]
[Board "2920"]
[TimeControl "10/40"]
[WhiteElo "1800"]
[BlackElo "2282"]
[WhiteCountry "HUN"]
[BlackCountry "YUG"]
[Result "0-1"]

1.e4 c5 2.Nf3 Nc6 3.d4 cxd4 4.Nxd4 Nf6 5.Nc3 d6 6.Nxc6 bxc6 7.Bc4 e6
8.Bg5 Be7 9.O-O d5 10.exd5 exd5 11.Be3 dxc4 12.Qxd8+ Bxd8 13.Bc5 Be6
14.Rfe1 Bb6 15.Bd6 O-O-O 16.Bg3 Rd2 17.Ne4 Nxe4 18.Rxe4 Rxc2
19.Be5 Rxf2 20.Bd4 Rxb2 21.a4 Rd8 22.Bxb6 axb6 23.a5 bxa5 24.h3 Rdd2
25.Rxa5 Rxg2+ 0-1

[Event "12. Magyar E-mail Elõdöntõ"]
[Site "E4EC"]
[Date "2004.04.05"]
[Round "1"]
[White "Vecsei, Vilmos"]
[Black "Szabó, Zsolt"]
[Board "2921"]
[TimeControl "10/40"]
[WhiteElo "1800"]
[BlackElo "2275"]
[WhiteCountry "HUN"]
[BlackCountry "HUN"]
[Result "0-1"]

1.e4 e5 2.Nf3 Nc6 3.Bb5 a6 4.Ba4 Nf6 5.O-O Be7 6.Re1 b5 7.Bb3 O-O
8.c3 d5 9.exd5 Nxd5 10.Nxe5 Nxe5 11.Rxe5 c6 12.d4 Bd6 13.Re1 Qh4
14.g3 Qh3 15.Be3 Bg4 16.Qd3 Rae8 17.Nd2 Re6 18.Qf1 Qh5 19.Bd1 Bxd1
20.Raxd1 f5 21.c4 f4 0-1

[Event "12. Magyar E-mail Elõdöntõ"]
[Site "E4EC"]
[Date "2004.04.09"]
[Round "1"]
[White "Vecsei, Vilmos"]
[Black "PÁL, LÁSZLÓ SÁNDOR"]
[Board "2922"]
[TimeControl "10/40"]
[WhiteElo "1800"]
[BlackElo "1941"]
[WhiteCountry "HUN"]
[BlackCountry "HUN"]
[Result "1/2-1/2"]

1.e4 g6 2.d4 c6 3.Nf3 Bg7 4.Nc3 d6 5.Be3 b5 6.Bd3 Nf6 7.O-O Nbd7
8.Qd2 Qc7 9.Bh6 O-O 10.Bxg7 Kxg7 11.a3 a6 12.Rfe1 e5 13.Rad1 Nb6
14.dxe5 dxe5 15.Be2 1/2-1/2

[Event "12. Magyar E-mail Elõdöntõ"]
[Site "E4EC"]
[Date "2004.04.05"]
[Round "1"]
[White "Vecsei, Vilmos"]
[Black "Farkas, Lajos"]
[Board "2923"]
[TimeControl "10/40"]
[WhiteElo "1800"]
[BlackElo "2009"]
[WhiteCountry "HUN"]
[BlackCountry "HUN"]
[Result "1/2-1/2"]

1.e4 e5 2.Nf3 Nc6 3.Bb5 a6 4.Ba4 Nf6 5.O-O Be7 6.Re1 b5 7.Bb3 d6
8.h3 Na5 9.d3 Nxb3 10.axb3 c5 11.Nc3 Be6 12.Ng5 O-O 13.Nxe6 fxe6
14.Qf3 Qd7 15.Qg3 Bd8 16.Bd2 Bc7 17.Ne2 d5 18.Qe3 Qe7 19.Ra2 a5
20.Rea1 b4 21.Ng3 Nd7 22.Qe2 Rf7 23.f3 Nb8 24.Be3 Nc6 25.Qd2 Nd4
26.Ne2 Qf6 27.Rf1 Qg6 28.Kh1 Raf8 29.Ng1 Qh5 30.Raa1 Qh4 31.Bf2 Qf6
32.Bg3 Qg6 33.Bh2 h5 34.Ne2 h4 35.Nxd4 cxd4 36.Rfe1 Qf6 1/2-1/2

[Event "12. Magyar E-mail Elõdöntõ"]
[Site "E4EC"]
[Date "2004.04.05"]
[Round "1"]
[White "Vecsei, Vilmos"]
[Black "Oltean, Gusztav"]
[Board "2924"]
[TimeControl "10/40"]
[WhiteElo "1800"]
[BlackElo "1800"]
[WhiteCountry "HUN"]
[BlackCountry "HUN"]
[Result "1/2-1/2"]

1.e4 c6 2.d4 d5 3.Nc3 dxe4 4.Nxe4 Nd7 5.Nf3 Ngf6 6.Ng3 e6 7.Bd3 c5
8.O-O cxd4 9.Nxd4 Bc5 10.c3 O-O 11.Qe2 b6 12.Ne4 Bb7 13.Nxc5 Nxc5
14.Bc4 Qc7 15.f3 Bd5 16.Bxd5 Nxd5 17.Be3 Rad8 18.Rad1 Rd7 19.Rd2 Nxe3
20.Qxe3 e5 21.Nb5 Qc6 22.c4 a6 23.Nc3 Rxd2 24.Qxd2 Ne6 25.Qd5 Qc7
26.Re1 Rd8 27.Qxe5 Qxc4 28.b3 Qb4 29.Qe3 h6 30.Rd1 Rxd1+ 31.Nxd1 1/2-1/2

[Event "12. Magyar E-mail Elõdöntõ"]
[Site "E4EC"]
[Date "2004.04.09"]
[Round "1"]
[White "PÁL, LÁSZLÓ SÁNDOR"]
[Black "Karádi, Kázmér"]
[Board "2925"]
[TimeControl "10/40"]
[WhiteElo "1941"]
[BlackElo "1800"]
[WhiteCountry "HUN"]
[BlackCountry "HUN"]
[Result "1-0"]

1.c4 c5 2.Nc3 Nf6 3.g3 e5 4.Bg2 d6 5.e3 Be6 6.Bxb7 Bxc4 7.Bxa8 Bd3
8.Qa4+ Nbd7 9.Bc6 a6 10.Bxd7+ Nxd7 11.Nge2 Be7 12.Qg4 O-O 13.f4 Nf6
14.Qf3 e4 15.Qg2 Qa8 16.O-O 1-0

[Event "12. Magyar E-mail Elõdöntõ"]
[Site "E4EC"]
[Date "2004.04.09"]
[Round "1"]
[White "PÁL, LÁSZLÓ SÁNDOR"]
[Black "Barna, Tamás"]
[Board "2926"]
[TimeControl "10/40"]
[WhiteElo "1941"]
[BlackElo "1800"]
[WhiteCountry "HUN"]
[BlackCountry "HUN"]
[Result "0-1"]

1.b4 e5 2.Bb2 f6 3.e4 Bxb4 4.Bc4 Ne7 5.Qh5+ Ng6 6.Ne2 c6 7.f4 f5
8.g3 d5 9.exd5 cxd5 10.Bb5+ Bd7 11.Bxd7+ Qxd7 12.Bxe5 Nc6 13.O-O O-O-O
14.d4 Ba5 15.c3 Bb6 16.Nd2 Ngxe5 17.fxe5 g6 18.Qh3 Nxe5 19.Rab1 Rhe8
20.Nf4 Nc4 21.Nxc4 dxc4 22.Rb4 Qc6 23.Rfb1 Re3 24.Qxh7 Rxc3
25.Rxb6 axb6 26.d5 Qc5+ 27.Kh1 Qe3 28.Qxg6 Qe4+ 29.Kg1 Qxb1+
30.Kg2 Rc2+ 31.Kh3 Rh8+ 32.Nh5 Qf1+ 33.Kh4 Rxh2+ 34.Kg5 R2xh5+
35.Kf6 R8h6 36.Qxh6 Rxh6+ 37.Kg7 Rd6 38.Kg8 Qh3 39.g4 Qh6 40.gxf5 Rd7
41.f6 Qh7+ 42.Kf8 Qf7# 0-1

[Event "12. Magyar E-mail Elõdöntõ"]
[Site "E4EC"]
[Date "2004.04.09"]
[Round "1"]
[White "PÁL, LÁSZLÓ SÁNDOR"]
[Black "Tóth, István"]
[Board "2927"]
[TimeControl "10/40"]
[WhiteElo "1941"]
[BlackElo "2027"]
[WhiteCountry "HUN"]
[BlackCountry "HUN"]
[Result "0-1"]

1.c4 c5 2.Nc3 Nc6 3.g3 Nf6 4.Bg2 g6 5.a3 Bg7 6.Rb1 O-O 7.b4 cxb4
8.axb4 d6 9.d3 a5 10.bxa5 Ng4 11.Bb2 Qxa5 12.Qd2 Bh6 13.e3 Bf5
14.Ra1 Qb4 15.Nge2 Nge5 16.Ne4 Nxd3+ 17.Kf1 Nxb2 18.Rxa8 Rxa8
19.Qxb4 Nxb4 20.Bf3 Bh3+ 21.Ke1 N2d3+ 22.Kd2 Ne5 23.Kc3 Nbd3
24.Ng1 Ra3+ 25.Kd4 Nc6+ 26.Kd5 Be6# 0-1

[Event "12. Magyar E-mail Elõdöntõ"]
[Site "E4EC"]
[Date "2004.04.14"]
[Round "1"]
[White "PÁL, LÁSZLÓ SÁNDOR"]
[Black "Kerekes, Jozsef"]
[Board "2928"]
[TimeControl "10/40"]
[WhiteElo "1941"]
[BlackElo "2282"]
[WhiteCountry "HUN"]
[BlackCountry "YUG"]
[Result "0-1"]

1.b4 e5 2.Bb2 Bxb4 3.Bxe5 Nf6 4.e3 O-O 5.c4 d5 6.a3 Ba5 7.Nf3 Nc6
8.Bb2 Bf5 9.Be2 dxc4 10.Bxc4 a6 11.O-O b5 12.Be2 Re8 13.Nd4 Nxd4
14.Bxd4 Qd6 15.Bc3 Bxc3 16.Nxc3 c5 17.d3 Rad8 18.e4 Be6 19.Qc2 Ng4
20.g3 Ne5 21.Kg2 Nxd3 22.Rfd1 c4 23.Rd2 Nf4+ 24.gxf4 Qxd2 25.Qxd2 Rxd2
26.Rc1 f5 27.e5 Red8 28.Bf3 Rb2 29.Nb1 a5 30.Nc3 Rdd2 31.Nd1 Rb3
32.Nc3 Rd3 33.Nxb5 Rxb5 34.Be2 Bd5+ 35.Kg1 Rb2 36.Bf1 Rd4 37.Re1 Rxf4
38.e6 Rg4+ 39.Bg2 Rxg2+ 40.Kh1 Rg3+ 41.f3 Bxf3# 0-1

[Event "12. Magyar E-mail Elõdöntõ"]
[Site "E4EC"]
[Date "2004.04.01"]
[Round "1"]
[White "Barna, Tamás"]
[Black "Szabó, Zsolt"]
[Board "2929"]
[TimeControl "10/40"]
[WhiteElo "1800"]
[BlackElo "2275"]
[WhiteCountry "HUN"]
[BlackCountry "HUN"]
[Result "0-1"]

1.e4 e5 2.Nf3 Nc6 3.Bc4 Nf6 4.Ng5 Bc5 5.Bxf7+ Ke7 6.Bd5 Rf8 7.O-O d6
8.h3 Qe8 9.c3 Qg6 10.d4 Bb6 11.Kh1 exd4 12.Bxc6 bxc6 13.cxd4 h6
14.e5 hxg5 15.exf6+ gxf6 16.f3 Rh8 17.Re1+ Kf7 18.Qe2 Qh6 19.Qf1 Qh4
20.Be3 Bxh3 0-1

[Event "12. Magyar E-mail Elõdöntõ"]
[Site "E4EC"]
[Date "2004.04.05"]
[Round "1"]
[White "Barna, Tamás"]
[Black "Vecsei, Vilmos"]
[Board "2930"]
[TimeControl "10/40"]
[WhiteElo "1800"]
[BlackElo "1800"]
[WhiteCountry "HUN"]
[BlackCountry "HUN"]
[Result "1-0"]

1.e4 c5 2.c3 d5 3.exd5 Qxd5 4.d4 Nf6 5.Nf3 e6 6.Be3 cxd4 7.cxd4 Be7
8.Nc3 Qd8 9.Be2 O-O 10.O-O Nc6 11.Rc1 b6 12.Ne5 Bb7 13.Bf3 Na5
14.Bxb7 Nxb7 15.Nc6 Qd7 16.Qf3 Nd6 17.d5 Nxd5 18.Nxd5 exd5
19.Qxd5 Rfe8 20.Rfd1 Bf8 21.Bf4 Qf5 22.Qxf5 Nxf5 23.Kf1 Ne7
24.Rd7 Nxc6 25.Rxc6 Red8 26.Rcc7 Rxd7 27.Rxd7 Bc5 28.Rb7 a6 29.a4 Rc8
30.Ra7 a5 31.Rb7 h6 32.Bc7 Bb4 33.Ke2 Re8+ 34.Kd3 f6 35.Bxb6 Re5
36.h3 Re6 37.Bd4 Re1 38.Kc4 Rc1+ 39.Kb5 Rc2 40.g4 Rd2 41.Bc3 1-0

[Event "12. Magyar E-mail Elõdöntõ"]
[Site "E4EC"]
[Date "2004.03.20"]
[Round "1"]
[White "Barna, Tamás"]
[Black "Farkas, Lajos"]
[Board "2931"]
[TimeControl "10/40"]
[WhiteElo "1800"]
[BlackElo "2009"]
[WhiteCountry "HUN"]
[BlackCountry "HUN"]
[Result "0-1"]

1.e4 e5 2.Nf3 Nc6 3.Bc4 Bc5 4.c3 Nf6 5.d4 exd4 6.cxd4 Bb4+ 7.Nc3 Nxe4
8.O-O Bxc3 9.d5 Ne5 10.Nxe5 Bxe5 11.Qe2 Qe7 12.Re1 f5 13.Bd3 O-O
14.Bxe4 fxe4 15.g3 Qf6 16.Qc2 d6 17.Be3 Bh3 18.Qxe4 Rae8 19.Qh4 Qxh4
20.gxh4 Bxb2 21.Rab1 Bf6 22.Rxb7 Bxh4 23.Rxc7 Bxf2+ 0-1

[Event "12. Magyar E-mail Elõdöntõ"]
[Site "E4EC"]
[Date "2004.03.29"]
[Round "1"]
[White "Barna, Tamás"]
[Black "Oltean, Gusztav"]
[Board "2932"]
[TimeControl "10/40"]
[WhiteElo "1800"]
[BlackElo "1800"]
[WhiteCountry "HUN"]
[BlackCountry "HUN"]
[Result "0-1"]

1.e4 c6 2.d4 d5 3.e5 Bf5 4.Nf3 e6 5.Be2 Nd7 6.O-O Ne7 7.Be3 c5
8.c4 dxc4 9.Bxc4 cxd4 10.Bxd4 Nc6 11.Nbd2 Bc5 12.Bxc5 Nxc5 13.Nb3 Nd7
14.Re1 Bg4 15.Bb5 Qb6 16.Bxc6 Qxc6 17.Nbd4 Qd5 18.Qc2 Nb6 19.Re4 Rc8
20.Qd3 Bf5 21.Qb5+ Qxb5 22.Nxb5 Bxe4 23.Nd6+ Ke7 24.Nxe4 Rc2
25.b3 Rhc8 26.Ne1 Rc1 27.Rxc1 Rxc1 28.Kf1 Nd7 29.f4 f6 30.exf6+ Nxf6
31.Nd2 Nd5 32.g3 Nb4 33.a4 Nc2 34.Ndf3 Nxe1 35.Nxe1 Rb1 36.Kf2 Rxb3 0-1

[Event "12. Magyar E-mail Elõdöntõ"]
[Site "E4EC"]
[Date "2004.03.21"]
[Round "1"]
[White "Farkas, Lajos"]
[Black "Karádi, Kázmér"]
[Board "2933"]
[TimeControl "10/40"]
[WhiteElo "2009"]
[BlackElo "1800"]
[WhiteCountry "HUN"]
[BlackCountry "HUN"]
[Result "1-0"]

1.e4 e5 2.Nf3 Nf6 3.d4 exd4 4.e5 Bb4+ 5.c3 dxc3 6.bxc3 Ba5
7.exf6 Qxf6 8.Qc2 Qe7+ 9.Be2 Nc6 10.O-O d5 11.Bb5 O-O 12.Ba3 Bb4
13.Bxb4 Nxb4 14.cxb4 Qxb4 15.Bd3 c6 16.Bxh7+ Kh8 17.Bd3 Qf4
18.Nbd2 Bg4 19.Rab1 Bxf3 20.Nxf3 f5 21.Rxb7 a5 22.Qxc6 d4 23.Re1 Rf6
24.Re8+ Rxe8 25.Qxe8+ Kh7 26.Qh5+ Rh6 27.Bxf5+ 1-0

[Event "12. Magyar E-mail Elõdöntõ"]
[Site "E4EC"]
[Date "2004.04.09"]
[Round "1"]
[White "Farkas, Lajos"]
[Black "PÁL, LÁSZLÓ SÁNDOR"]
[Board "2934"]
[TimeControl "10/40"]
[WhiteElo "2009"]
[BlackElo "1941"]
[WhiteCountry "HUN"]
[BlackCountry "HUN"]
[Result "1-0"]

1.e4 g6 2.d4 Bg7 3.Nc3 c6 4.Bc4 b5 5.Bb3 b4 6.Nce2 d6 7.Nf3 Nf6
8.e5 dxe5 9.Nxe5 O-O 10.O-O Nfd7 11.Nd3 a5 12.a3 Ba6 13.axb4 Bxd3
14.Qxd3 e5 15.dxe5 Bxe5 16.f4 Qb6+ 17.Be3 Qxb4 18.Ra4 Qd6 19.fxe5 Qxd3
20.cxd3 Nxe5 21.Bh6 Re8 22.Raf4 Re7 23.d4 a4 24.Ba2 Nbd7 25.Bg5 Rb8
26.dxe5 Rxe5 27.Bh6 Re7 28.Rxf7 Rxf7 29.Rxf7 Nf8 30.Rxf8# 1-0

[Event "12. Magyar E-mail Elõdöntõ"]
[Site "E4EC"]
[Date "2004.03.22"]
[Round "1"]
[White "Farkas, Lajos"]
[Black "Tóth, István"]
[Board "2935"]
[TimeControl "10/40"]
[WhiteElo "2009"]
[BlackElo "2027"]
[WhiteCountry "HUN"]
[BlackCountry "HUN"]
[Result "1/2-1/2"]

1.e4 e5 2.Nf3 Nf6 3.d4 exd4 4.e5 Ne4 5.Qxd4 d5 6.exd6 Nxd6 7.Nc3 Nc6
8.Qf4 Be7 9.Bd3 Be6 10.O-O O-O 11.Be3 Re8 12.Rfe1 Bf6 13.Nd4 Bxd4
14.Bxd4 Nxd4 15.Qxd4 Nf5 16.Qb4 b6 17.Qe4 c5 18.Rad1 Qg5 19.Nb5 Bd7
20.Qd5 Bxb5 21.Rxe8+ Rxe8 22.Bxb5 Rf8 23.Bd3 Rd8 24.Qe5 g6 25.Re1 Qd2
26.Rf1 Nd4 27.Qe7 Ra8 28.h4 Qf4 29.h5 Qg4 1/2-1/2

[Event "12. Magyar E-mail Elõdöntõ"]
[Site "E4EC"]
[Date "2004.04.14"]
[Round "1"]
[White "Farkas, Lajos"]
[Black "Kerekes, Jozsef"]
[Board "2936"]
[TimeControl "10/40"]
[WhiteElo "2009"]
[BlackElo "2282"]
[WhiteCountry "HUN"]
[BlackCountry "YUG"]
[Result "1-0"]

1.e4 e6 2.d4 d5 3.Nc3 Bb4 4.e5 c5 5.a3 Bxc3+ 6.bxc3 Ne7 7.Qg4 O-O
8.Bd3 Nbc6 9.Qh5 Ng6 10.Nf3 Qc7 11.Be3 c4 12.Bxg6 fxg6 13.Qg4 Qf7
14.Ng5 Qf5 15.Qe2 Re8 16.h4 h6 17.Nh3 Qe4 18.Nf4 Rf8 19.f3 Qf5
20.h5 g5 21.Ng6 Re8 22.O-O 1-0

[Event "12. Magyar E-mail Elõdöntõ"]
[Site "E4EC"]
[Date "2004.04.01"]
[Round "1"]
[White "Tóth, István"]
[Black "Szabó, Zsolt"]
[Board "2937"]
[TimeControl "10/40"]
[WhiteElo "2027"]
[BlackElo "2275"]
[WhiteCountry "HUN"]
[BlackCountry "HUN"]
[Result "0-1"]

1.e4 e5 2.Nf3 Nc6 3.Bc4 Nf6 4.Ng5 Bc5 5.Bxf7+ Ke7 6.Bd5 Rf8 7.Nf3 Nd4
8.Nxe5 d6 9.Nd3 Bg4 10.f3 Nxd5 11.fxg4 Kd7 12.c3 Nb4 13.cxb4 Qh4+
14.g3 Qh3 15.Nf4 Rxf4 16.gxf4 Rf8 17.d3 Nf3+ 18.Qxf3 Qxf3 19.Rf1 Bxb4+
20.Nc3 Bxc3+ 21.bxc3 Qxd3 22.Kf2 g5 23.f5 Qxe4 24.h3 Qc2+ 25.Kf3 Qh2
26.Be3 Qxh3+ 27.Ke2 Qxg4+ 0-1

[Event "12. Magyar E-mail Elõdöntõ"]
[Site "E4EC"]
[Date "2004.04.05"]
[Round "1"]
[White "Tóth, István"]
[Black "Vecsei, Vilmos"]
[Board "2938"]
[TimeControl "10/40"]
[WhiteElo "2027"]
[BlackElo "1800"]
[WhiteCountry "HUN"]
[BlackCountry "HUN"]
[Result "1/2-1/2"]

1.d4 Nf6 2.c4 e6 3.Nc3 d5 4.Bg5 Nbd7 5.Nf3 Be7 6.e3 O-O 7.Bd3 dxc4
8.Bxc4 a6 9.e4 b5 10.Bd3 Bb7 11.e5 Nd5 12.Bxe7 Qxe7 13.Qc2 Nb4
14.Qe2 c5 15.Be4 Bxe4 16.Nxe4 cxd4 17.O-O 1/2-1/2

[Event "12. Magyar E-mail Elõdöntõ"]
[Site "E4EC"]
[Date "2004.03.22"]
[Round "1"]
[White "Tóth, István"]
[Black "Barna, Tamás"]
[Board "2939"]
[TimeControl "10/40"]
[WhiteElo "2027"]
[BlackElo "1800"]
[WhiteCountry "HUN"]
[BlackCountry "HUN"]
[Result "1-0"]

1.d4 d5 2.c4 e6 3.Nc3 Nf6 4.Nf3 c5 5.cxd5 exd5 6.Bg5 Be6 7.dxc5 Bxc5
8.e3 Be7 9.Qb3 Qd7 10.Rd1 O-O 11.Bxf6 d4 12.Rxd4 Bxf6 13.Rxd7 Bxb3
14.Rxb7 Bxc3+ 15.bxc3 Bxa2 16.c4 Rc8 17.Nd2 Rc5 18.Be2 Nc6 19.Rc7 Rb8
20.Ne4 Rxc4 21.Bxc4 Bxc4 22.Nd6 Be6 23.O-O Ne5 24.f4 Ng4 25.f5 Nxe3
26.fxe6 Nxf1 27.e7 1-0

[Event "12. Magyar E-mail Elõdöntõ"]
[Site "E4EC"]
[Date "2004.03.29"]
[Round "1"]
[White "Tóth, István"]
[Black "Oltean, Gusztav"]
[Board "2940"]
[TimeControl "10/40"]
[WhiteElo "2027"]
[BlackElo "1800"]
[WhiteCountry "HUN"]
[BlackCountry "HUN"]
[Result "0-1"]

1.d4 d5 2.c4 e6 3.Nc3 c6 4.e3 f5 5.Nf3 Nf6 6.Bd3 Bd6 7.O-O O-O
8.c5 Bc7 9.b4 b6 10.Bb2 Ne4 11.Qc2 Ba6 12.b5 Nxc3 13.bxa6 Ne4
14.Rab1 Qc8 15.cxb6 axb6 16.Rfc1 Nxa6 17.Bxa6 Qxa6 18.Qxc6 Bd6
19.Ng5 Bxh2+ 20.Kxh2 Nxg5 21.f4 Ne4 22.Qxe6+ Kh8 23.Qxd5 Qe2
24.Rc7 Qxe3 25.Rf1 Nd2 26.Rfc1 Qxf4+ 27.Kg1 Rae8 28.Rf7 Qe3+
29.Kh1 Qh6+ 30.Kg1 Nf3+ 31.Qxf3 Rxf7 32.Rf1 Kg8 33.Bc1 Qd6 34.Rd1 Re4
35.Be3 Qa3 36.Bf2 Qxa2 37.d5 b5 38.d6 Qe6 39.Qd3 Qd7 40.Ra1 Qc6
41.Rd1 Rd7 42.Qb3+ Qc4 43.Qf3 Qe6 44.Bg3 b4 45.Ra1 h6 46.Kh2 g5
47.Ra8+ Kg7 48.Qd1 f4 49.Bf2 Qxd6 50.Qxd6 Rxd6 51.Rb8 Re2 52.Bc5 Rdd2 0-1

[Event "12. Magyar E-mail Elõdöntõ"]
[Site "E4EC"]
[Date "2004.03.29"]
[Round "1"]
[White "Oltean, Gusztav"]
[Black "Karádi, Kázmér"]
[Board "2941"]
[TimeControl "10/40"]
[WhiteElo "1800"]
[BlackElo "1800"]
[WhiteCountry "HUN"]
[BlackCountry "HUN"]
[Result "1-0"]

1.Nf3 d5 2.c4 Nf6 3.cxd5 Nxd5 4.d4 Nc6 5.e4 Nf6 6.d5 Na5 7.Qa4+ c6
8.Bd2 Bd7 9.Qxa5 cxd5 10.exd5 b6 11.Qa6 Nxd5 12.Ne5 Nc7 13.Qb7 Bf5
14.Bc4 e6 15.Bb5+ Nxb5 16.Qxf7# 1-0

[Event "12. Magyar E-mail Elõdöntõ"]
[Site "E4EC"]
[Date "2004.04.09"]
[Round "1"]
[White "Oltean, Gusztav"]
[Black "PÁL, LÁSZLÓ SÁNDOR"]
[Board "2942"]
[TimeControl "10/40"]
[WhiteElo "1800"]
[BlackElo "1941"]
[WhiteCountry "HUN"]
[BlackCountry "HUN"]
[Result "1-0"]

1.Nf3 c5 2.c4 Nf6 3.d4 cxd4 4.Nxd4 e5 5.Nb5 d5 6.cxd5 Bc5 7.N1c3 O-O
8.Qd3 g6 9.Qc4 Nbd7 10.b4 Bb6 11.d6 Ne8 12.Ne4 a6 13.Nbc3 Ndf6
14.Bg5 Be6 15.Qd3 Bd4 16.e3 Bxc3+ 17.Nxc3 Qb6 18.a3 Kg7 19.Rd1 Rd8
20.Be2 Rxd6 21.Bxf6+ Kxf6 22.Ne4+ Ke7 23.Nxd6 Nxd6 24.O-O Rd8
25.Qc3 f6 26.a4 Rc8 27.Qe1 Nc4 28.a5 Qa7 29.Bxc4 Rxc4 30.Qd2 b5
31.Qd8+ Kf7 32.Qh8 Qe7 33.Rd8 f5 34.Rg8 Qxb4 35.Qg7# 1-0

[Event "12. Magyar E-mail Elõdöntõ"]
[Site "E4EC"]
[Date "2004.03.29"]
[Round "1"]
[White "Oltean, Gusztav"]
[Black "Farkas, Lajos"]
[Board "2943"]
[TimeControl "10/40"]
[WhiteElo "1800"]
[BlackElo "2009"]
[WhiteCountry "HUN"]
[BlackCountry "HUN"]
[Result "1-0"]

1.Nf3 c5 2.c4 Nc6 3.Nc3 Nf6 4.d4 cxd4 5.Nxd4 e6 6.Ndb5 Bb4 7.Bf4 O-O
8.Bd6 Bxd6 9.Nxd6 Qb6 10.Qd2 Ne8 11.Nxe8 Rxe8 12.e3 Rd8 13.Be2 d6
14.O-O Bd7 15.Rfd1 Be8 16.Rac1 Ne7 17.Ne4 d5 18.c5 Qc7 19.Nd6 Nc8
20.Nxe8 Rxe8 21.b4 Ne7 22.a4 Rac8 23.b5 Red8 24.Bd3 Ng6 25.Bxg6 fxg6
26.c6 Qb8 27.cxb7 Qxb7 28.h3 a6 29.Qa5 axb5 30.axb5 Ra8 31.Rc7 Rxa5
32.Rxb7 Raa8 33.Re7 Re8 34.Rxe8+ Rxe8 35.e4 dxe4 36.Kf1 Rb8 37.Rb1 Kf7
38.Ke2 Kf6 39.Ke3 Ke5 40.b6 Kd5 41.b7 g5 42.Rb2 e5 43.Rb1 h6 44.Rb2 h5
45.Rb1 g4 46.h4 g6 47.g3 Ke6 48.Kxe4 Kd6 49.Rb2 Ke6 50.Rb6+ Kd7
51.Kxe5 Kc7 52.Rb2 Re8+ 53.Kf6 Kb8 54.Kxg6 Re5 55.Rb4 Rd5 56.Rf4 Kxb7
57.Rf5 Rd8 58.Kxh5 Rg8 59.Rf4 1-0

[Event "12. Magyar E-mail Elõdöntõ"]
[Site "E4EC"]
[Date "2004.04.14"]
[Round "1"]
[White "Oltean, Gusztav"]
[Black "Kerekes, Jozsef"]
[Board "2944"]
[TimeControl "10/40"]
[WhiteElo "1800"]
[BlackElo "2282"]
[WhiteCountry "HUN"]
[BlackCountry "YUG"]
[Result "1/2-1/2"]

1.Nf3 Nf6 2.c4 e6 3.g3 d5 4.Bg2 Be7 5.O-O O-O 6.d3 c5 7.cxd5 exd5
8.d4 Nc6 9.dxc5 Bxc5 10.Bg5 h6 11.Bxf6 Qxf6 12.Qxd5 Qxb2 13.Nbd2 Bb6
14.Qb3 Qf6 15.Rad1 Be6 16.Ne4 Qe7 17.Qa4 Bxa2 18.Qxa2 Qxe4 19.Nd4 Qg6
20.Nxc6 bxc6 21.e3 Rac8 22.Qc4 c5 23.Rd3 Rcd8 24.Bd5 Rb8 25.Rfd1 1/2-1/2